 Dungeon Crawl Stone Soup version 0.26-a0-689-gc93c913f66 (webtiles) character file.

Game seed: 4321036896239171485

896 Peloso the Slasher (level 7, 0/61 HPs)
             Began as a Minotaur Fighter on Oct 23, 2020.
             Was a Follower of Okawaru.
             Slain by a water moccasin (1 damage)
             ... on level 4 of the Dungeon.
             The game lasted 00:06:16 (3702 turns).

Peloso the Slasher (Minotaur Fighter)               Turns: 3702, Time: 00:06:17

Health: 0/61       AC:  7    Str: 27    XL:     7   Next: 78%
Magic:  6/6        EV:  9    Int:  5    God:    Okawaru [*.....]
Gold:   180        SH: 11    Dex: 11    Spells: 6/6 levels left

rFire    . . .     SeeInvis +   a - +0 long sword
rCold    . . .     Faith    .   c - +0 kite shield
rNeg     . . .     Spirit   .   b - +0 scale mail
rPois    .         Reflect  .   (helmet restricted)
rElec    .         Harm     .   (no cloak)
rCorr    .         Rampage  .   (no gloves)
MR       .....                  (no boots)
Stlth    ..........             (no amulet)
HPRegen  0.20/turn              f - ring of see invisible
MPRegen  0.10/turn              q - +6 ring of strength

@: mighty, lethally poisoned (0 -> -14)
A: retaliatory headbutt, horns 2
a: Heroism, Renounce Religion


You were on level 4 of the Dungeon.
You worshipped Okawaru.
Okawaru was aware of your devotion.
You visited 1 branch of the dungeon, and saw 4 of its levels.

You collected 180 gold pieces.

Inventory:

Hand Weapons
 a - a +0 long sword (weapon)
Armour
 b - a +0 scale mail (worn)
 c - a +0 kite shield (worn)
Jewellery
 e - an uncursed amulet of the acrobat {unknown}
 f - a ring of see invisible (left hand)
 q - a +6 ring of strength (right hand)
Scrolls
 g - 2 scrolls of amnesia {unknown}
 i - 2 scrolls of remove curse {unknown}
 j - 2 scrolls of teleportation {unknown}
 k - 3 scrolls of magic mapping {unknown}
 l - 2 scrolls of fog {unknown}
 m - a scroll of enchant armour {unknown}
 n - 2 scrolls of enchant weapon {unknown}
 o - 3 scrolls of identify {unknown}
Potions
 d - a potion of might
 p - a potion of magic


   Skills:
 + Level 5.4 Fighting
 + Level 7.4 Long Blades
 + Level 5.8 Armour
 + Level 1.5 Dodging
 + Level 0.2 Stealth
 + Level 5.8 Shields


You had 6 spell levels left.
You didn't know any spells.
Your spell library was empty.

Dungeon Overview and Level Annotations

Branches:
Dungeon (4/15)             Temple (0/1) D:4

Altars:
Kikubaaqudgha
Makhleb
Okawaru
Qazlal

Shops:
D:4 *


Innate Abilities, Weirdness & Mutations

You reflexively headbutt those who attack you in melee.
You have a pair of horns on your head.


Message History

You are more poisoned.
The water moccasin poisons you!
Unknown command.
You feel very mighty all of a sudden.
* * * LOW HITPOINT WARNING * * *
You feel sick.
The water moccasin bites you but does no damage. x2
Unknown command.
You barely miss the water moccasin.
* * * LOW HITPOINT WARNING * * *
You feel sick. The water moccasin bites you.
* * * LOW HITPOINT WARNING * * *
Your scale mail prevents you from hitting the water moccasin.
* * * LOW HITPOINT WARNING * * *
You feel sick.
You block the water moccasin's attack. x2
You slice the water moccasin!!
The water moccasin is almost dead.
* * * LOW HITPOINT WARNING * * *
You feel sick. The water moccasin bites you.
You die...

#.####.##PPPPPPP.PPP........
#.............##.######.##.#
######.##^.####..#### #.##.#
#.##+##........###.....
###.. #.######........# #.S
#.# ########## #.. #.#
#S##.# #SS@.# ######


You could see a water moccasin, an adder and a ball python.

Vanquished Creatures
  Sigmund (D:4)
  2 water moccasins (D:4)
  An ogre (D:4)
  A howler monkey (D:3)
  A centaur skeleton (D:4)
  3 hounds (D:4)
  2 orc priests
  An orc wizard (D:2)
  Jessica (D:2)
  2 worker ants (D:4)
  3 gnolls (D:4)
  2 adders
  2 worms (D:2)
  A dart slug (D:1)
  4 leopard geckos
  13 orcs
  A ball python (D:4)
  5 bats
  4 giant cockroaches
  5 goblins
  11 hobgoblins
  2 jackals (D:3)
  7 kobolds (D:2)
  A quokka (D:2)
  A frilled lizard (D:2)
  7 rats
  3 bushes (D:2)
87 creatures vanquished.

Vanquished Creatures (others)
  7 plants (D:2)
7 creatures vanquished.

Grand Total: 94 creatures vanquished

Notes
Turn   | Place    | Note
-------+----------+-------------------------------------------
     0 | D:1      | Peloso the Minotaur Fighter began the quest for the Orb.
     0 | D:1      | Reached XP level 1. HP: 19/19 MP: 0/0
   379 | D:1      | Reached XP level 2. HP: 27/27 MP: 1/1
   942 | D:2      | Reached XP level 3. HP: 31/33 MP: 2/2
  1113 | D:2      | Noticed Jessica
  1118 | D:2      | Killed Jessica
  1295 | D:2      | Reached XP level 4. HP: 33/41 MP: 3/3
  2139 | D:3      | Reached skill level 3 in Long Blades
  2149 | D:3      | Reached XP level 5. HP: 32/47 MP: 4/4
  2257 | D:2      | Reached skill level 4 in Long Blades
  2466 | D:3      | Found an iron altar of Okawaru.
  2489 | D:3      | Became a worshipper of Warmaster Okawaru
  2566 | D:3      | Found an ancient bone altar of Kikubaaqudgha.
  2839 | D:4      | Reached skill level 5 in Long Blades
  2966 | D:4      | Reached skill level 5 in Armour
  2966 | D:4      | Reached XP level 6. HP: 53/53 MP: 5/5
  2979 | D:4      | Found a staircase to the Ecumenical Temple.
  3015 | D:4      | Reached skill level 5 in Shields
  3116 | D:4      | Reached skill level 5 in Fighting
  3116 | D:4      | Reached skill level 1 in Dodging
  3117 | D:4      | Reached skill level 6 in Long Blades
  3361 | D:4      | Found a stormy altar of Qazlal.
  3414 | D:4      | Noticed Sigmund
  3425 | D:4      | Killed Sigmund
  3425 | D:4      | Reached XP level 7. HP: 57/61 MP: 6/6
  3488 | D:4      | Reached * piety under Okawaru
  3553 | D:4      | Found a burning altar of Makhleb.
  3678 | D:4      | Found Xyeliwku's Serpentskin Sales.
  3691 | D:4      | Reached skill level 7 in Long Blades
  3701 | D:4      | HP: 3/61 [poisoned by a water moccasin]
  3702 | D:4      | HP: 1/61 [poisoned by a water moccasin]
  3702 | D:4      | Slain by a water moccasin

Illustrated notes

Levels and vault maps discovered:
D:1:      psy_arrival_terrarium, layout_loops_ring, minmay_misc_feat_tiny
D:2:      layout_loops_ring, kennysheep_minor_cross, hangedman_feature_mirror,
          lexackson_kobold_supper, uniq_jessica
D:3:      layout_rooms, overflow_temple_1_default, okawaru_trees_1
D:4:      layout_loops_ring, makhleb_blood_cavern_becter,
          nicolae_qazlal_eye_of_the_storm, minmay_temple_entry_grid,
          minmay_hedge_maze, guppyfry_shop_venom, uniq_sigmund

Skill      XL: |  1  2  3  4  5  6  7 |
---------------+----------------------+-----
Shields        | 4 5 |  5.8
Fighting       | 4 5 |  5.4
Armour         | 4 5 |  5.8
Long Blades    | 3 5 6 7 |  7.4
Dodging        | 1 |  1.5
Stealth        | |  0.2

Action                   |  1- 3 |  4- 6 |  7- 9 || total
-------------------------+-------+-------+-------++-------
Melee: Long sword        |    74 |   279 |    39 ||   392
       Headbutt          |    12 |    82 |    10 ||   104
  Use: Potion            |       |     5 |     2 ||     7
Armor: Scale mail        |    31 |    48 |    14 ||    93
Dodge: Dodged            |    21 |    46 |    17 ||    84
Block: Kite shield       |    47 |    69 |    22 ||   138
       Rpst.: Long sword |     6 |    13 |     4 ||    23

Table legend: (Time is in decaauts)
 A = Elapsed time spent in this place.
 B = Non-inter-level travel time spent in this place.
 C = Inter-level travel time spent in this place.
 D = Time resting spent in this place.
 E = Time spent auto-exploring this place.
 F = Levels seen in this place.
 G = Mean time per level.
                   A        B        C        D        E       F      G
               +--------+--------+--------+--------+--------+-----+--------+
         Total |   3800 |   3729 |     71 |    123 |   2687 |   4 |  950.0 |
       Dungeon |   3800 |   3729 |     71 |    123 |   2687 |   4 |  950.0 |
               +--------+--------+--------+--------+--------+-----+--------+

Top non-repeatable levels by time:
     D:2: 1488 daAuts
     D:4: 930 daAuts
     D:1: 843 daAuts
     D:3: 538 daAuts
